 Dungeon Crawl Stone Soup version 0.22-a0-815-gb582571 (webtiles) character file.

1134 Firecrotchwizard the Cleaver (level 8, -8/74 HPs)
             Began as a Deep Dwarf Monk on July 24, 2018.
             Was a Believer of Makhleb.
             Mangled by an orc warrior
             ... wielding a +0 dire flail
              (21 damage)
             ... on level 6 of the Dungeon.
             The game lasted 00:15:45 (4676 turns).

Firecrotchwizard the Cleaver (Deep Dwarf Monk)      Turns: 4676, Time: 00:15:45

Health: -8/74      AC:  7    Str: 17    XL:     8   Next: 14%
Magic:  6/6        EV: 12    Int: 11    God:    Makhleb [**....]
Gold:   273        SH:  7    Dex: 15    Spells: 7/7 levels left

rFire    . . .     SeeInvis .   y - +2 war axe (curse)
rCold    . . .     Gourm    .   e - +2 buckler
rNeg     + . .     Faith    .   k - +0 ring mail
rPois    .         Spirit   .   u - +0 helmet
rElec    .         Reflect  .   v - scarf {cloud immunity}
rCorr    .         Harm     .   s - +0 pair of gloves
MR       +....                  (no boots)
Stlth    +.........             (no amulet)
HPRegen  0.00/turn              w - ring of positive energy {rN+}
MPRegen  0.10/turn              (no ring)

@: lethally poisoned (-8 -> -8), non-regenerating, drained
A: damage resistance, heal wounds, sense surroundings 1, no regeneration
a: Heal Wounds, Minor Destruction, Renounce Religion


You were on level 6 of the Dungeon.
You worshipped Makhleb.
Makhleb was pleased with you.
You were not hungry.

You visited 2 branches of the dungeon, and saw 7 of its levels.

You collected 273 gold pieces.

Inventory:

Hand Weapons
 a - a +0 hand axe
 y - a cursed +2 war axe (weapon)
   (You took it off a wight on level 5 of the Dungeon)
Armour
 e - a +2 buckler (worn)
   (You found it on level 1 of the Dungeon)
 k - a +0 ring mail (worn)
   (You found it on level 2 of the Dungeon)
 s - a +0 pair of gloves (worn)
   (You found it on level 3 of the Dungeon)
 u - a +0 helmet (worn)
   (You found it on level 3 of the Dungeon)
 v - a scarf of cloud immunity (worn)
   (You found it on level 4 of the Dungeon)
Jewellery
 w - a ring of positive energy (left hand) {rN+}
   (You found it on level 4 of the Dungeon)
Wands
 m - a wand of random effects (31)
   (You found it on level 4 of the Dungeon)
Scrolls
 b - a scroll of remove curse
 f - a scroll of teleportation
 g - 6 scrolls of identify
 j - a scroll of fear {unknown}
 n - 2 scrolls of blinking {unknown}
 o - a scroll of amnesia {unknown}
 x - 2 scrolls of magic mapping {unknown}
Potions
 d - 2 potions of degeneration {unknown}
 h - 4 potions of mutation {!q}
 i - a potion of brilliance {unknown}
 l - a potion of haste {unknown}
 p - 2 potions of lignification {unknown}
 q - 2 potions of curing {unknown}
 r - a potion of agility {unknown}
 t - 2 potions of might {unknown}
 z - a potion of ambrosia {unknown}
Comestibles
 c - 12 rations {@e1}
 A - 2 chunks of flesh {@w0}


   Skills:
 + Level 5.3(5.0) Fighting
 * Level 8.6(8.2) Axes
 - Level 3.2(3.0) Dodging
 - Level 2.4(2.1) Stealth
 - Level 4.0(3.7) Shields


You had 7 spell levels left.
You didn't know any spells.
Your spell library was empty.

Dungeon Overview and Level Annotations

Branches:
Dungeon (6/15)             Temple (1/1) D:5

Altars:
Ashenzari
Cheibriados
Elyvilon
Fedhas
Gozag
Hepliaklqana
Makhleb
Nemelex Xobeh
Okawaru
Qazlal
Ru
Trog
Uskayaw
Vehumet
Wu Jian
Xom
Yredelemnul
The Shining One

Shops:
D:4 =

Annotations:
D:2 Robin
D:5 exclusion: Sigmund, Sigmund


Innate Abilities, Weirdness & Mutations

You are resistant to damage.
You can heal yourself by infusing magical energy.
You passively map a small area around you.
You do not regenerate.


Message History

The wight closely misses you.
You climb upwards.
Level annotation: exclusion: Sigmund, Sigmund
There is a stone staircase leading down here.
You hit the wight but do no damage.
The wight hits you with an enchanted war axe.
You take 3 damage, and have 47/74 hp.
You hit the wight. You closely miss the wight. The wight closely misses you.
You barely miss the wight. You block the wight's attack.
You hit the wight but do no damage.
The wight hits you with an enchanted war axe.
You partially resist.
You feel drained.
You take 5 damage, and have 42/74 hp.
You hit the wight. You hit the wight. The wight misses you.
You hit the wight.
The wight hits you with an enchanted war axe!
You take 4 damage, and have 38/74 hp.
You closely miss the wight.
The wight hits you with an enchanted war axe.
Your ring mail prevents you from hitting the wight.
You hit the wight but do no damage. The wight misses you.
You hit the wight. You block the wight's attack.
You completely miss the wight. The wight misses you.
You closely miss the wight. You barely miss the wight.
The wight hits you with an enchanted war axe!
You partially resist.
You feel drained.
You take 5 damage, and have 33/74 hp.
You hit the wight but do no damage.
The wight hits you with an enchanted war axe.
You partially resist.
You feel drained.
You take 5 damage, and have 28/74 hp.
You hit the wight but do no damage. You block the wight's attack.
You hit the wight.
You destroy the wight!
Makhleb accepts your kill.
y - an enchanted war axe You see here a robe.
There is a stone staircase leading down, spattered with blood here.
It sticks to your hand!
y - a cursed +2 war axe (weapon)
You start waiting.
Eating one of 3 chunks of flesh {@w0}.
You eat one of the 3 chunks of flesh {@w0}.
Done waiting.
Your magical essence is drained by the effort!
You feel much better.
You regained 24 hp, and now have 52/74 hp.
You now have 6/6 mp.
You climb downwards.
You block the adder zombie's attack.
The orc hits you with a dagger of venom.
There is a stone staircase leading up here.
You closely miss the orc. You barely miss the adder zombie.
The adder zombie barely misses you. The orc hits you but does no damage.
The orc throws a stone.
The stone misses you.
You closely miss the orc.
You hit the orc warrior but do no damage.
You closely miss the adder zombie. The adder zombie misses you.
You block the orc warrior's attack. The orc misses you.
The orc throws a stone.
The stone hits you but does no damage. You block the adder zombie's attack.
You closely miss the orc warrior.
The orc shouts!
You hit the orc. You hit the adder zombie. The orc warrior misses you.
The orc hits you but does no damage.
You are poisoned.
The orc throws a stone.
You block the stone.
The adder zombie bites you but does no damage.
You hit the orc warrior. You slash the adder zombie! You hit the orc.
You kill the orc!
Makhleb accepts your kill.
You feel better.
The orc warrior hits you with a dire flail!
The orc throws a stone.
You block the stone. The adder zombie bites you.
You take 13 damage, and have 39/74 hp.
You hit the orc warrior but do no damage.
You slash the adder zombie!
You destroy the adder zombie!
Makhleb accepts your kill.
The orc warrior hits you with a dire flail!
The orc throws a stone.
You block the stone.
You take 14 damage, and have 25/74 hp.
You hit the orc warrior but do no damage.
The orc throws a stone.
The stone completely misses you. You block the orc warrior's attack.
The orc throws a stone.
The stone closely misses you.
You closely miss the orc warrior.
The orc warrior hits you with a dire flail!
* * * LOW HITPOINT WARNING * * *
The orc throws a stone.
You block the stone.
You take 12 damage, and have 13/74 hp.
You hit the orc warrior. You hit the orc. The orc warrior closely misses you.
The orc throws a stone.
The stone barely misses you. You block the orc's attack.
You hit the orc warrior. You closely miss the orc.
The orc warrior hits you with a dire flail!!
You die...

###########
#....(....#
#.....)...#
#?....@...#
#....oo...# *
#.........#
...........#
,
##.........#*
, ,
#####.>....
#....... ,
#......o. ,


You could see an orc warrior and 2 orcs.

Vanquished Creatures
  Pikel (D:5)
  A slave (D:5)
  A phantom (D:4)
  A wight (D:5)
  A howler monkey (D:4)
  A centaur zombie (D:5)
  A bullfrog zombie (D:6)
  A hound (D:5)
  A jelly (D:5)
  An orc wizard (D:5)
  2 centaur skeletons
  2 worker ants (D:4)
  2 hound skeletons (D:4)
  7 adders
  A shadow imp (D:5)
  4 oozes
  2 adder zombies
  3 worms
  11 dart slugs
  7 leopard geckos
  12 orcs
  8 bats
  8 giant cockroaches
  15 goblins
  4 hobgoblins
  2 jackals
  4 quokkas
  3 ball pythons
  5 frilled lizards
  A jackal zombie (D:4)
  7 kobolds
  8 rats
128 creatures vanquished.

Notes
Turn   | Place    | Note
-------+----------+-------------------------------------------
     0 | D:1      | Firecrotchwizard the Deep Dwarf Monk began the quest for the Orb.
     0 | D:1      | Reached XP level 1. HP: 20/20 MP: 1/1
   105 | D:1      | Reached XP level 2. HP: 25/27 MP: 2/2
   371 | D:1      | Reached skill level 1 in Shields
   424 | D:1      | Reached skill level 3 in Fighting
   424 | D:1      | Reached skill level 4 in Axes
   675 | D:1      | Reached XP level 3. HP: 22/34 MP: 3/3
   701 | D:2      | Found a stormy altar of Qazlal.
   719 | D:2      | Found a radiant altar of Vehumet.
   764 | D:2      | Found a basalt altar of Yredelemnul.
   919 | D:2      | Reached XP level 4. HP: 18/42 MP: 4/4
   994 | D:2      | Noticed Robin
  1090 | D:2      | Reached skill level 2 in Shields
  1358 | D:2      | Reached skill level 5 in Axes
  1551 | D:2      | Found a glowing golden altar of the Shining One.
  1764 | D:3      | Reached XP level 5. HP: 33/49 MP: 5/5
  1794 | D:3      | Found an ornate altar of the Wu Jian Council.
  1900 | D:3      | Found a white marble altar of Elyvilon.
  2676 | D:4      | Reached skill level 3 in Shields
  2676 | D:4      | Reached XP level 6. HP: 41/57 MP: 5/5
  3019 | D:4      | Reached skill level 6 in Axes
  3025 | D:4      | Reached skill level 4 in Fighting
  3063 | D:4      | Found Myerr's Jewellery Shop.
  3317 | D:5      | Entered Level 5 of the Dungeon
  3329 | D:5      | Noticed a slave
  3329 | D:5      | Noticed a slave
  3396 | D:5      | Noticed Sigmund
  3467 | D:5      | Found a staircase to the Ecumenical Temple.
  3486 | Temple   | Entered the Ecumenical Temple
  3693 | Temple   | Became a worshipper of Makhleb the Destroyer
  3693 | Temple   | Reached * piety under Makhleb
  3693 | Temple   | Reached ** piety under Makhleb
  3759 | D:5      | Found a sparkling altar of Nemelex Xobeh.
  3872 | D:5      | Noticed Pikel
  3877 | D:5      | Paralysed by Pikel for 5 turns
  3882 | D:5      | Noticed a slave
  3894 | D:5      | Paralysed by Pikel for 6 turns
  3933 | D:4      | Reached XP level 7. HP: 29/66 MP: 6/6
  4307 | D:5      | Noticed a hornet
  4368 | D:6      | Reached skill level 4 in Shields
  4422 | D:5      | Reached skill level 7 in Axes
  4464 | D:5      | Paralysed by Pikel for 7 turns
  4488 | D:5      | Paralysed by Pikel for 5 turns
  4501 | D:5      | Paralysed by Pikel for 6 turns
  4523 | D:5      | Killed Pikel
  4523 | D:5      | Reached skill level 5 in Fighting
  4523 | D:5      | Reached skill level 8 in Axes
  4523 | D:5      | Reached XP level 8. HP: 26/74 MP: 7/7
  4674 | D:6      | HP: 13/74 [orc warrior/dire flail (12)]
  4676 | D:6      | Mangled by an orc warrior

Vault maps used:
D:1:      elethiomel_arrival_shortcut, minivault_24
D:2:      grunt_temple_overflow_holy_war, overflow_temple_1_default,
          vehumet_crystals, serial_corexii_hall, corexii_hall_statues_x,
          corexii_hall_statues_i, corexii_hall_statues_i,
          corexii_hall_statues_i, uniq_robin
D:3:      kennysheep_slugbush, lemuel_crystal_altar, marbit_many_paths,
          first_ration, minmay_misc_feat_enclosed
D:4:      serial_shops, shop
D:5:      lemuel_round_altar, minmay_temple_entry_trees, uniq_pikel,
          uniq_sigmund
D:6:      serial_shops, kennysheep_mini_moat, minivault_22
Temple:   minmay_temple_curvy_loop

Skill      XL: |  1  2  3  4  5  6  7 |
---------------+----------------------+-----
Shields        | 1 2 3 4 |  4.0
Fighting       | 3 4 5 |  5.3
Axes           | 4 5 6 8 |  8.6
Dodging        | |  3.2
Stealth        | |  2.4

Action                   |  1- 3 |  4- 6 |  7- 9 || total
-------------------------+-------+-------+-------++-------
Melee: Hand axe          |   110 |   375 |   116 ||   601
       War axe           |       |       |     9 ||     9
Invok: Minor Destruction |       |     1 |       ||     1
 Abil: Heal Wounds       |       |     3 |     5 ||     8
  Use: Scroll            |       |     3 |       ||     3
 Stab: Sleeping          |     4 |     3 |       ||     7
  Eat: Chunk             |       |    10 |     3 ||    13
Armor: Robe              |     4 |       |       ||     4
       Ring mail         |    13 |   109 |    25 ||   147
Dodge: Dodged            |    51 |   197 |    54 ||   302
Block: Buckler           |    35 |   109 |    38 ||   182

Table legend:
 A = Spawn XP
 B = Non-spawn XP
 C = Spawn XP percentage of total XP
 D = Spawn monster count
 E = Non-spawn monster count
 F = Spawn count percentage of total count
 G = Total turns spent on level
                    A         B        C        D         E        F      G
               +---------+---------+-------+---------+---------+-------+---------
         Total |       0 |    1621 |   0.0 |       0 |     127 |   0.0 |  4676
               +---------+---------+-------+---------+---------+-------+---------
           D:1 |       0 |      51 |   0.0 |       0 |      25 |   0.0 |   726
           D:2 |       0 |     142 |   0.0 |       0 |      27 |   0.0 |  1031
           D:3 |       0 |     106 |   0.0 |       0 |      32 |   0.0 |   796
           D:4 |       0 |     367 |   0.0 |       0 |      17 |   0.0 |   926
           D:5 |       0 |     893 |   0.0 |       0 |      20 |   0.0 |   901
           D:6 |       0 |      57 |   0.0 |       0 |       4 |   0.0 |    77
        Temple |       0 |       5 |   0.0 |       0 |       2 |   0.0 |   219
               +---------+---------+-------+---------+---------+-------+---------

Vault maps used:
D:1:      elethiomel_arrival_shortcut, minivault_24
D:2:      grunt_temple_overflow_holy_war, overflow_temple_1_default,
          vehumet_crystals, serial_corexii_hall, corexii_hall_statues_x,
          corexii_hall_statues_i, corexii_hall_statues_i,
          corexii_hall_statues_i, uniq_robin
D:3:      kennysheep_slugbush, lemuel_crystal_altar, marbit_many_paths,
          first_ration, minmay_misc_feat_enclosed
D:4:      serial_shops, shop
D:5:      lemuel_round_altar, minmay_temple_entry_trees, uniq_pikel,
          uniq_sigmund
D:6:      serial_shops, kennysheep_mini_moat, minivault_22
Temple:   minmay_temple_curvy_loop

Table legend:
 A = Turns spent in this place as a percentage of turns spent in the entire game.
 B = Non-inter-level travel turns spent in this place as a percentage of non-inter-level travel turns spent in the entire game.
 C = Inter-level travel turns spent in this place as a percentage of turns spent in this place.
 D = Turns resting spent in this place as a percentage of non-inter-level travel turns spent in this place.
 E = Turns spent auto-exploring this place as a percentage of non-inter-level travel turns spent in this place.
 F = Non-inter-level travel turns spent in this place divided by the number of levels of this place that you've seen.
                   A       B       C       D       E      F
               +-------+-------+-------+-------+-------+----------------------
         Total | 100.0 | 100.0 |   6.0 |   5.3 |  57.9 | 628.0
       Dungeon |  95.3 |  95.3 |   6.0 |   5.6 |  56.3 | 698.0
        Temple |   4.7 |   4.7 |   5.0 |   0.0 |  90.4 | 208.0
               +-------+-------+-------+-------+-------+----------------------

Table legend:
 A = Kills in this place as a percentage of kills in entire the game.
 B = Kills by you in this place as a percentage of kills by you in the entire game.
 C = Kills by friends in this place as a percentage of kills by friends in the entire game.
 D = Other kills in this place as a percentage of other kills in the entire game.
 E = Experience gained in this place as a percentage of experience gained in the entire game.
 F = Experience gained in this place divided by the number of levels of this place that you have seen.
                   A       B       C       D       E      F
               +-------+-------+-------+-------+-------+----------------------
         Total | 100.0 | 100.0 |   N/A |   N/A | 100.0 | 231.6
       Dungeon |  98.4 |  98.4 |   N/A |   N/A |  99.7 | 269.3
        Temple |   1.6 |   1.6 |   N/A |   N/A |   0.3 |   5.0
               +-------+-------+-------+-------+-------+----------------------
